 Dungeon Crawl Stone Soup version 0.27.1-4-g1640c2035a (webtiles) character file.

Game seed: 2770587718151203144

1408 Icepheonix32 the Insei (level 8, -7/55 (61) HPs)
             Began as a Demonspawn Transmuter on Nov 6, 2021.
             Was a Follower of Uskayaw.
             Mangled by a wight (8 damage)
             ... on level 7 of the Dungeon.
             The game lasted 00:12:08 (7260 turns).

Icepheonix32 the Insei (Demonspawn Transmuter)      Turns: 7260, Time: 00:12:09

HP:   -7/55 (61)    AC:  4    Str: 13    XL:     8   Next: 42%
MP:   12/13         EV: 17    Int: 19    God:    Uskayaw [*.....]
Gold: 390           SH:  0    Dex: 15    Spells: 8/14 levels left

rFire    . . .     SeeInvis .     - Unarmed
rCold    . . .     Faith    .   (no shield)
rNeg     . . .     Spirit   .   y - +0 leather armour of Cheibriados's Wrath {Int+4}
rPois    .         Reflect  .   (helmet restricted)
rElec    .         Harm     +   s - scarf {harm}
rCorr    .         Rampage  .   (no gloves)
Will     +....                  j - +0 pair of boots
Stlth    ++........             q - amulet of the acrobat
HPRegen  0.18/turn              c - ring "Toetats" {Wiz Will+ Dex+2}
MPRegen  0.13/turn              w - +4 ring of evasion

@: drained
A: claws 1, hooves 1, horns 1, demonic guardian 1, powered by death 1
a: Renounce Religion, Stomp


You were on level 7 of the Dungeon.
You worshipped Uskayaw.
Uskayaw was noncommittal.
You visited 2 branches of the dungeon, and saw 8 of its levels.
You also visited: Sewer.

You collected 390 gold pieces.

Inventory:

Missiles
 d - 22 poisoned darts (quivered)
 i - 7 boomerangs
Armour
 j - a +0 pair of boots (worn)
 p - a +0 ring mail
 s - a scarf of harm (worn)
 y - the +0 leather armour of Cheibriados's Wrath (worn) {Int+4}
   (You found it on level 6 of the Dungeon)

   Int:       It affects your intelligence (+4).
Jewellery
 b - a ring of fire
 c - the ring "Toetats" (left claw) {Wiz Will+ Dex+2}
   (You acquired it on level 6 of the Dungeon)

   [ring of wizardry]

   It improves your spell success rate.
   Dex:       It affects your dexterity (+2).
   Will:      It increases your willpower.
 l - a +4 ring of protection
 q - an amulet of the acrobat (around neck)
 w - a +4 ring of evasion (right claw)
 x - a +4 ring of protection
Wands
 o - a wand of digging (6)
Scrolls
 k - a scroll of fear
 m - a scroll of magic mapping
 n - a scroll of teleportation
 r - a scroll of summoning {unknown}
Potions
 a - a potion of ambrosia {unknown}
 e - 3 potions of mutation
 f - 2 potions of cancellation
 g - a potion of lignification
 h - 2 potions of curing
 t - a potion of might
 u - a potion of resistance
 v - a potion of berserk rage {unknown}
 z - a potion of heal wounds {unknown}


   Skills:
 * Level 4.3 Fighting
 + Level 1.6 Throwing
 + Level 2.0 Armour
 * Level 3.8 Dodging
 + Level 1.1 Stealth
 * Level 6.3 Unarmed Combat
 + Level 3.7 Spellcasting
 + Level 3.1 Transmutations


You had 8 spell levels left.
You knew the following spells:

 Your Spells              Type           Power      Damage    Failure   Level
a - Beastly Appendage     Tmut           30%        N/A       1%          1
b - Wereblood             Tmut           15%        N/A       3%          2
c - Spider Form           Tmut/Pois      4%         N/A       12%         3

Your spell library contained the following spells:

 Spells                   Type           Power      Damage    Failure   Level
 Dazzling Flash           Conj/Hex       6%         N/A       21%         3
 Inner Flame              Hex/Fire       3%         N/A       21%         3
 Ice Form                 Ice/Tmut       9%         N/A       34%         4
 Cause Fear               Hex            1%         N/A       54%         4
 Conjure Ball Lightning   Conj/Air       1%         3x3d6     100%        6
 Spellforged Servitor     Conj/Summ      1%         N/A       100%        7
 Discord                  Hex            1%         N/A       100%        8


Dungeon Overview and Level Annotations

Branches:
Dungeon (7/15)             Temple (1/1) D:4           Sewer (visited)

Altars:
Cheibriados
Dithmenos
Elyvilon
Gozag
Hepliaklqana
Makhleb
Nemelex Xobeh
Qazlal
Ru
Sif Muna
Uskayaw
Vehumet
Xom
Yredelemnul
Zin
The Shining One

Shops:
D:4 [


Innate Abilities, Weirdness & Mutations

You have sharp fingernails.
You have large cloven feet.
You have a pair of small horns on your head.
A weak demonic guardian rushes to your aid.
You regenerate a little health from kills.


Message History

You hit the orc but do no damage.
The orc is poisoned.
Your transformation is almost over.
You hit the orc but do no damage.
The orc is heavily wounded.
The orc hits you with a +0 whip.
You hit the orc but do no damage.
The orc is severely wounded.
You kill the orc!
You hit the orc.
The orc is poisoned.
The orc is heavily wounded.
The orc hits you with a +0 whip.
You hit the orc.
The orc looks as sick as possible!
The orc is severely wounded.
You kill the orc!
The wight completely misses you. The wight completely misses you.
Items here: ))) [[ ††.
You hit the wight.
The wight is lightly damaged.
The wight completely misses you.
You completely miss the wight.
The wight is lightly damaged.
The wight barely misses you.
You hit the wight.
The wight is heavily damaged.
The wight hits you with a +4 halberd!!
You feel drained.
You are too injured to fight recklessly!
You are too injured to fight recklessly!
You are too injured to fight recklessly!
The wight hits you from afar with a +4 halberd.
You feel drained.
Your transformation has ended.
Your scarf of harm unmelds from your body.
Your +0 pair of boots unmelds from your body.
The +0 leather armour of Cheibriados's Wrath {Int+4} unmelds from your body.
There is a stone staircase leading down here.
The wight hits you from afar with a +4 halberd!
* * * LOW HITPOINT WARNING * * *
A demonic guardian appears!
You feel drained.
You die...

#. #. #.## #..# #..#
###..#######
#....5......
#.#.@######..#
#.#...zz.z...#
#.##.#######.## #.
#.# #...## #.##.#####
#.#.## #.#...#..
..... #
#..###..##.###.######
#..# #.#.............
#..###..##.###.#####.


You could see 3 wights and a friendly iron imp (summoned, wandering).

Vanquished Creatures
  Prince Ribbit (D:5)
  A black bear (D:6)
  2 ice beasts (D:6)
  2 ogres
  2 bullfrogs
  A scorpion (D:5)
  A water moccasin zombie (D:6)
  A centaur zombie (D:5)
  2 centaur skeletons
  A jelly (D:6)
  An iguana (D:6)
  Jessica (D:2)
  4 orc wizards
  Robin (D:2)
  8 adders
  An ufetubus (D:3)
  3 worms
  2 dart slugs
  16 orcs
  12 ball pythons
  2 bats
  7 endoplasms
  11 giant cockroaches
  17 goblins
  12 hobgoblins
  5 quokkas
  9 frilled lizards
  6 kobolds
  5 rats
137 creatures vanquished.

Vanquished Creatures (collateral kills)
  A hound (D:6)
  An orc wizard (D:3)
  An adder (D:6)
  2 orcs
5 creatures vanquished.

Vanquished Creatures (others)
  7 fungi (D:5)
  A plant (Temple)
  2 toadstools (D:5)
10 creatures vanquished.

Grand Total: 152 creatures vanquished

Notes
Turn   | Place    | Note
-------+----------+-------------------------------------------
     0 | D:1      | Icepheonix32 the Demonspawn Transmuter began the quest for
                  | the Orb.
     0 | D:1      | Reached XP level 1. HP: 15/15 MP: 3/3
   465 | D:1      | Gained mutation: You have sharp fingernails. [demonic
                  | ancestry]
   465 | D:1      | Reached XP level 2. HP: 15/21 MP: 5/5
   569 | D:1      | Reached skill level 3 in Unarmed Combat
  1388 | D:2      | Got the Collected Works on Damage Dealing
  1400 | D:2      | Gained mutation: You regenerate a little health from kills.
                  | [demonic ancestry]
  1400 | D:2      | Reached XP level 3. HP: 22/26 MP: 4/6
  1447 | D:2      | Noticed Jessica
  1455 | D:2      | Killed Jessica
  1648 | D:2      | Noticed Robin
  1660 | D:2      | Killed Robin
  1661 | D:2      | Gained mutation: A weak demonic guardian rushes to your
                  | aid. [demonic ancestry]
  1661 | D:2      | Reached XP level 4. HP: 32/32 MP: 7/7
  1704 | D:2      | Found a faded altar of an unknown god.
  2316 | D:3      | Found a glowing drain.
  2345 | Sewer    | Entered a sewer
  2440 | Sewer    | Reached skill level 4 in Unarmed Combat
  2493 | Sewer    | Reached XP level 5. HP: 24/38 MP: 6/9
  2981 | D:3      | Found a shimmering altar of Xom.
  2993 | D:3      | Found a shimmering altar of Xom.
  2994 | D:3      | Found a shimmering altar of Xom.
  3161 | D:3      | Reached XP level 6. HP: 25/46 MP: 10/10
  3359 | D:3      | Found a basalt altar of Yredelemnul.
  3871 | D:4      | Found Gekk's Armour Shop.
  4156 | D:4      | Found a staircase to the Ecumenical Temple.
  4173 | Temple   | Entered the Ecumenical Temple
  4262 | Temple   | Became a worshipper of Uskayaw the Reveller
  4536 | D:4      | Reached * piety under Uskayaw
  4546 | D:4      | Reached ** piety under Uskayaw
  4561 | D:4      | Found an opulent altar of Gozag.
  4941 | D:5      | Entered Level 5 of the Dungeon
  4958 | D:5      | Noticed Prince Ribbit
  5018 | D:5      | Reached skill level 1 in Stealth
  5106 | D:5      | Learned a level 2 spell: Wereblood
  5152 | D:5      | Lost mutation: You have razor-sharp toenails. [demonic
                  | ancestry]
  5152 | D:5      | Lost mutation: You have sharp toenails. [demonic ancestry]
  5152 | D:5      | Gained mutation: You have large cloven feet. [demonic
                  | ancestry]
  5152 | D:5      | Reached XP level 7. HP: 44/52 MP: 8/11
  5224 | D:5      | Killed Prince Ribbit
  5225 | D:5      | Reached skill level 1 in Throwing
  5225 | D:5      | Reached skill level 1 in Armour
  5225 | D:5      | Reached skill level 5 in Unarmed Combat
  6019 | D:6      | Identified the +0 leather armour of Cheibriados's Wrath
                  | {Int+4}
  6337 | D:6      | Found a shadowy altar of Dithmenos.
  6430 | D:6      | Mutation became permanent: You have a pair of small horns
                  | on your head. [demonic ancestry]
  6430 | D:6      | Gained mutation: You have a pair of horns on your head.
                  | [demonic ancestry]
  6430 | D:6      | Reached XP level 8. HP: 51/60 MP: 13/13
  6527 | D:6      | Reached *** piety under Uskayaw
  6601 | D:6      | Reached skill level 6 in Unarmed Combat
  6808 | D:6      | Identified a scroll of acquirement
  6808 | D:6      | Acquired the ring "Toetats" {Wiz Will+ Dex+2}
  6816 | D:6      | Learned a level 3 spell: Spider Form
  7260 | D:7      | HP: 1/57 [wight (19)]
  7260 | D:7      | Mangled by a wight

Illustrated notes

Levels and vault maps discovered:
D:1:      eino_arrival_cavern_a, layout_basic, hangedman_decor_lopped
D:2:      layout_loops_ring, shapermc_ecumenical_altar_starsandcircs,
          corner_web_ring, uniq_robin, uniq_jessica
D:3:      layout_loops_ring, xom_redecorated, lemuel_coloured_pillars_altar,
          cheibrodos_sewer_entry_drain
D:4:      layout_loops_corners, marbit_many_paths, zin_treasury,
          minmay_temple_entry_purple_smoke, serial_shops, shop,
          kennysheep_generic_room_14
D:5:      layout_rooms, elyvilon_altar_5, serial_curves, eino_curves_04,
          eino_curves_04, eino_curves_02, columned_hall_lemuel,
          minmay_gold_behind_fungi, amcnicky_mini_pool_small,
          minmay_crystal_water, nrook_campfire, uniq_prince_ribbit1
D:6:      layout_basic, nicolae_dithmenos_the_darkroom
D:7:      nzn_winding_woodlands_medium [nzn_winding_woodlands_5x5_perimeter,
          nzn_winding_woodlands_5x15_cabin, nzn_winding_woodlands_hourglass,
          nzn_winding_woodlands_5x5_three,
          nzn_winding_woodlands_center_pierced_h,
          nzn_winding_woodlands_5x5_checkerboard,
          nzn_winding_woodlands_5x5_closed_star,
          nzn_winding_woodlands_5x15_sawtooth,
          nzn_winding_woodlands_5x5_open_star], layout_loops_ring,
          lemuel_round_altar
Temple:   cyrus_temple_forest

Skill      XL: |  1  2  3  4  5  6  7  8 |
---------------+-------------------------+-----
Dodging        | 2 3 |  3.8
Unarmed Combat | 3 4 5 6 |  6.3
Transmutations | 2 3 |  3.1
Fighting       | 2 3 4 |  4.3
Spellcasting   | 3 |  3.7
Stealth        | 1 |  1.1
Throwing       | 1 |  1.6
Armour         | 1 2 |  2.0

Action                   |  1- 3 |  4- 6 |  7- 9 || total
-------------------------+-------+-------+-------++-------
Melee: Unarmed           |    88 |   217 |   118 ||   423
       Kick              |    15 |    34 |    16 ||    65
       Headbutt          |     8 |    26 |    17 ||    51
       Punch             |       |     5 |     1 ||     6
Throw: Dart              |     4 |    13 |    21 ||    38
 Cast: Beastly Appendage |    20 |    56 |     9 ||    85
       Wereblood         |       |     1 |     1 ||     2
       Spider Form       |       |       |     3 ||     3
  Use: Scroll            |       |     6 |     4 ||    10
       Potion            |       |     1 |     2 ||     3
 Stab: Distracted        |       |     1 |       ||     1
       Sleeping          |       |     1 |     1 ||     2
Armor: Robe              |    14 |    15 |       ||    29
       Leather armour    |       |    25 |    22 ||    47
       Skin              |       |     5 |    18 ||    23
Dodge: Dodged            |    49 |   108 |    66 ||   223
